 Dungeon Crawl Stone Soup version 0.30-a0-465-g8901f6c8b5 (webtiles) character file.

Game seed: 2053887583652338481

4 proofty the Digger (level 1, -15/16 HPs)
             Began as a Troll Earth Elementalist on Dec 18, 2022.
             Demolished by an ogre
             ... wielding a +0 giant spiked club
              (31 damage)
             ... on level 2 of the Dungeon.
             The game lasted 00:07:02 (530 turns).

proofty the Digger (Troll Earth Elementalist)        Turns: 530, Time: 00:07:03

Health: -15/16     AC:  4    Str: 15    XL:     1   Next: 58%
Magic:  1/1        EV:  9    Int: 11    God:
Gold:   24         SH:  0    Dex: 10    Spells: 1/2 levels left

rFire   . . .      SeeInvis .    (no weapon)
rCold   . . .      Faith    .    (no shield)
rNeg    . . .      Spirit   .    a - +0 robe
rPois   .          Reflect  .    (helmet restricted)
rElec   .          Harm     .    (no cloak)
rCorr   .          Rampage  .    (gloves unavailable)
Will    .....                    (boots unavailable)
Stlth   +.........               (no amulet)
HPRegen 1.02/turn                (no ring)
MPRegen 0.07/turn                (no ring)

@: no status effects
A: large, unfitting armour, claws 3, regeneration 1, shaggy fur 1, tough skin 1
a: no special abilities


You were on level 2 of the Dungeon.
You visited 1 branch of the dungeon, and saw 2 of its levels.

You collected 24 gold pieces.

Inventory:

Armour
 a - a +0 robe (worn)
 f - a +0 ring mail
 h - an orb of light
Scrolls
 c - a scroll of torment {unknown}
 d - a scroll of brand weapon {unknown}
 g - a scroll of identify {unknown}
Potions
 b - a potion of magic
 e - a potion of brilliance {unknown}


   Skills:
 + Level 1.5 Dodging
 + Level 1.1 Stealth
 + Level 1.2 Spellcasting
 + Level 0.6 Transmutations
 + Level 2.9 Earth Magic


You had one spell level left.
You knew the following spells:

 Your Spells              Type           Power      Damage    Failure   Level
a - Sandblast             Erth           14%        2d6       10%         1

Your spell library contained the following spells:

 Spells                   Type           Power      Damage    Failure   Level
 Passwall                 Tmut/Erth      3%         N/A       24%         2
 Stone Arrow              Conj/Erth      6%         3d7       45%         3
 Petrify                  Tmut/Erth      4%         N/A       83%         4


Dungeon Overview and Level Annotations

Branches:
Dungeon (2/15)

Altars:


Innate Abilities, Weirdness & Mutations

You are too large for most types of armour.
You have claws for hands.
Your natural rate of healing is unusually fast.
You are covered in fur. (AC +1)
You have tough skin. (AC +1)


Message History

You see here an orb of light.
g - a scroll labelled ECWUPE COXKOT
There are no items here.
You see here an orb of light.
h - an orb of light You open the door.
There is an open door here.
A bat comes into view.
The bat closely misses you.
You closely miss the bat. The bat hits you. The bat barely misses you.
You barely miss the bat. The bat hits you but does no damage.
The bat barely misses you. The bat hits you. The bat barely misses you.
You miss the bat. The bat misses you.
You claw the bat!
You kill the bat!
You open the large door.
There is a large open door here.
There is a large open door here.
There is a dry fountain here.
There is a dry fountain here.
As you open the door, it creaks loudly!
There is an open door here.
Found 14 gold pieces.
You now have 24 gold pieces (gained 14).
There are no items here.
You open the door.
There is an open door here.
There is an open door here.
There is a stone staircase leading down here.
There are no items here.
Okay, then.
You climb downwards.
There is a stone staircase leading up here.
The helpless ogre fails to defend itself.
You claw the ogre!
The ogre is moderately wounded.
The ogre hits you with a +0 giant spiked club!!
Ouch! That really hurt!
You die...

##### #.@.#
#O..# .....#
........
...........
..#.........
.
####...###.
#...# .#


You could see an ogre.

Vanquished Creatures
  An endoplasm (D:1)
  A ball python (D:1)
  2 bats (D:1)
  A rat (D:1)
5 creatures vanquished.

Notes
Turn   | Place    | Note
-------+----------+-------------------------------------------
     0 | D:1      | proofty the Troll Earth Elementalist began the quest for
                  | the Orb.
     0 | D:1      | Reached XP level 1. HP: 16/16 MP: 1/1
   529 | D:2      | Noticed an ogre
   530 | D:2      | Demolished by an ogre

Illustrated notes

Levels and vault maps discovered:
D:1:      lightli_arrival_isolated_outpost, layout_loops_corners,
          dreamdust_wishing_well, grunt_decor_arrowhead, nrook_mini_vaults
D:2:      layout_loops_corners, minmay_crystal_room, uniq_robin

Action                   || total
-------------------------++-------
Melee: Unarmed           ||    15
       Punch             ||     1
 Stab: Sleeping          ||     1
Armor: Robe              ||     4
Dodge: Dodged            ||    11

Table legend: (Time is in decaauts)
 A = Elapsed time spent in this place.
 B = Non-inter-level travel time spent in this place.
 C = Inter-level travel time spent in this place.
 D = Time resting spent in this place.
 E = Time spent auto-exploring this place.
 F = Levels seen in this place.
 G = Mean time per level.
                   A        B        C        D        E       F      G
               +--------+--------+--------+--------+--------+-----+--------+
         Total |    529 |    144 |    385 |      0 |      0 |   2 |  264.5 |
       Dungeon |    529 |    144 |    385 |      0 |      0 |   2 |  264.5 |
               +--------+--------+--------+--------+--------+-----+--------+

Top non-repeatable levels by time:
     D:1: 529 daAuts
     D:2: 0 daAuts
